AoeStats
← Abetterhandle

Nomad

507232108Analyzed
4v4 RM · 15d ago on Sep 17, 2026· 42m 53s· 8 players
Game mode
Random Map
Map size
231×231
Population
200
Speed
Normal
Resources
Standard
Victory
Conquest
Starting age
Dark Age
Ending age
Imperial Age
RankedLock teamsTeams togetherTeam positionsShared explorationLock speedFull tech treeHidden civsTurbo modeCheats
Victory
Defeat
🇫🇷 Japanese · France
1012
+16
🇳🇿 Koreans · New Zealand
975
+18
🇩🇪 Italians · Germany
954
+19
🇩🇪 Slavs · Germany
946
+19
🇳🇿 Turks · New Zealand
1036
-19
🇨🇳 Mongols · China
1007
-18
🇪🇸 Teutons · Spain
1003
-18
🇨🇳 Franks · China
1000
-17
ydyk123
6:40 Loom
16:08 Feudal Age
16:54 Double-Bit Axe
20:17 Castle Age
19:55 Fishing Lines
23:22 Stone Mining
24:12 Forging
33:02 Imperial Age
31:32 Wheelbarrow
31:03 Gold Mining
31:15 Gillnets
32:18 Husbandry
33:06 Gold Shaft Mining
32:51 Hand Cart
32:54 Man-at-Arms
33:19 Gambesons
33:53 Scale Mail Armor
33:59 Scale Barding Armor
34:02 Pikeman
34:43 Squires
34:28 Arson
34:07 Long Swordsman
35:49 Cavalier
38:12 Halberdier
38:13 Two-Handed Swordsman
40:17 Iron Casting
40:02 Chain Barding Armor
churre13
8:09 Loom
15:27 Feudal Age
16:02 Horse Collar
16:56 Double-Bit Axe
21:41 Castle Age
23:43 Wheelbarrow
31:01 Bow Saw
33:37 Town Watch
34:11 Hand Cart
38:56 Imperial Age
39:03 Town Patrol
39:54 Bloodlines
39:17 Cavalier
41:23 Conscription
41:02 Gold Mining
42:49 Scale Barding Armor
42:57 Forging
42:40 Fletching
火枪
5:20 Loom
15:05 Feudal Age
16:12 Town Watch
19:36 Castle Age
17:45 Double-Bit Axe
17:52 Stone Mining
17:53 Gold Mining
18:28 Horse Collar
24:38 Fletching
26:14 Bodkin Arrow
28:47 Bow Saw
29:44 Heavy Plow
30:40 Wheelbarrow
33:18 Padded Archer Armor
36:34 Imperial Age
34:49 Gold Shaft Mining
36:26 Hand Cart
37:52 Bracer
38:15 Conscription
40:53 Scale Barding Armor
40:59 Forging
42:08 Ballistics
42:49 Chemistry
EmmaZNZ
aYce Slide4285
15:03 Feudal Age
20:15 Castle Age
24:35 Horse Collar
24:43 Double-Bit Axe
25:01 Gold Mining
25:01 Stone Mining
26:59 Scale Barding Armor
27:04 Forging
28:03 Bow Saw
30:41 Heavy Plow
33:48 Imperial Age
31:54 Wheelbarrow
31:05 Town Watch
31:06 Loom
31:56 Chain Barding Armor
32:26 Iron Casting
33:49 Elite Boyar
34:51 Conscription
37:03 Plate Barding Armor
36:30 Scale Mail Armor
37:10 Gold Shaft Mining
38:56 Blast Furnace
Tekz4987
6:06 Loom
16:42 Feudal Age
20:59 Castle Age
19:22 Fishing Lines
20:18 Double-Bit Axe
22:38 Gillnets
24:09 Wheelbarrow
24:32 Stone Mining
26:03 Bow Saw
27:26 Gold Mining
28:52 Padded Archer Armor
28:42 Fletching
34:14 Imperial Age
35:12 Ballistics
36:54 Two-Man Saw
37:24 Hand Cart
38:12 Chemistry
Beuhfa
10:05 Loom
16:16 Feudal Age
17:19 Double-Bit Axe
17:59 Fletching
21:25 Town Watch
21:28 Fishing Lines
24:50 Castle Age
25:27 Gillnets
25:54 Bow Saw
25:55 Gold Mining
27:14 Husbandry
28:21 Gold Shaft Mining
28:32 Squires
29:13 Wheelbarrow
28:44 Town Patrol
29:50 Stone Mining
31:02 Bodkin Arrow
32:50 Scale Barding Armor
32:50 Scale Mail Armor
33:12 Ballistics
32:50 Murder Holes
33:05 Fortified Wall
34:44 Yasama
34:37 Guard Tower
35:37 Hand Cart
36:57 Horse Collar
38:04 Pikeman
39:49 Chain Mail Armor
39:44 Forging
40:58 Arson
40:37 Man-at-Arms
Abetterhandle
6:36 Loom
14:49 Feudal Age
16:06 Double-Bit Axe
20:42 Castle Age
22:05 Thumb Ring
27:37 Bow Saw
29:57 Fletching
29:33 Crossbowman
32:03 Gold Mining
34:44 Ballistics
38:32 Imperial Age
35:50 Town Watch
36:48 Wheelbarrow
36:06 Horse Collar
37:21 Bodkin Arrow
42:28 Forging
42:18 Scale Mail Armor
Connection lost

Rejoining the realm…

Still unreachable

The connection could not be restored.

Session expired

The server has moved on; the page needs a fresh start.